 Dungeon Crawl Stone Soup version 0.16.2-14-g7133f4a77c (webtiles) character file.

1155281 faibistes the Archmage (level 27, -10/177 HPs)
             Began as a Deep Elf Wizard on July 16, 2019.
             Was the Champion of Sif Muna.
             Mangled by Antaeus (13 damage)
             ... on level 7 of Cocytus on Jan 8, 2021.
             The game lasted 10:28:35 (172435 turns).

faibistes the Archmage (Deep Elf Wizard)          Turns: 172435, Time: 10:28:36

Health: -10/177    AC: 19    Str: 11    XL:     27
Magic:  15/68      EV: 15    Int: 45    God:    Sif Muna [******]
Gold:   11453      SH:  0    Dex:  8    Spells: 11 memorised, 1 level left

rFire  . . .     SeeInvis +     w - staff of power
rCold  + + .     Clarity  .     N - +2 robe {Archmagi}
rNeg   + + +     SustAb   .     (no shield)
rPois  ∞         Gourm    .     L - +0 mask of the Dragon {MR+ Slay+3 SInv}
rElec  +         Spirit   .     o - +2 cloak "Vutas" {+Blink rN+ Str+4 Int+5 Dex-5}
rCorr  .         Warding  .     S - +2 pair of gloves {Str+3}
rMut   +         Stasis   .     W - +2 pair of boots {Stlth+}
MR     +++++                    C - amulet of resist mutation
Stlth  +++.......               n - ring "Fuk Ohui" {rPois rC+ rN+ MR+}
                                l - ring of Thairis {rElec rF- rN+ MP+9 Int+3}

@: lich-form, very slightly contaminated, deflect missiles, almost entirely
resistant to hostile enchantments, fairly stealthy
A: fire resistance 1
a: End Transformation, Channel Energy, Forget Spell, Renounce Religion, Evoke
Blink
}: 11/15 runes: decaying, slimy, silver, golden, abyssal, demonic, glowing,
magical, fiery, dark, gossamer


You were on level 7 of Cocytus.
You worshipped Sif Muna.
Sif Muna was exalted by your worship.
You were not hungry.
You were a lich.
You visited 15 branches of the dungeon, and saw 76 of its levels.
You visited Pandemonium 1 time, and saw 16 of its levels.
You visited the Abyss 1 time.
You also visited: Ossuary.

You collected 14414 gold pieces.
You spent 2961 gold pieces at shops.

Inventory:

Armour
 o - the +2 cloak "Vutas" (worn) {+Blink rN+ Str+4 Int+5 Dex-5}
   (You found it on level 2 of the Elven Halls)

   It affects your strength (+4).
   It affects your intelligence (+5).
   It affects your dexterity (-5).
   It protects you from negative energy.
   It lets you blink.
 L - the +0 mask of the Dragon (worn) {MR+ Slay+3 SInv}
   (You found it on level 4 of the Depths)

   It affects your accuracy and damage with ranged weapons and melee attacks
   (+3).
   It affects your resistance to hostile enchantments.
   It enhances your eyesight.
 N - a +2 robe of the Archmagi (worn)
 S - a +2 pair of gloves of strength (worn)
 W - a +2 pair of boots of stealth (worn)
Magical staves
 w - an uncursed staff of power (weapon)
Jewellery
 l - the ring of Thairis (left hand) {rElec rF- rN+ MP+9 Int+3}
   (You found it on level 6 of the Pits of Slime)

   [ring of magical power]

   It affects your intelligence (+3).
   It makes you vulnerable to fire.
   It insulates you from electricity.
   It protects you from negative energy.
   It affects your magic capacity (+9).
 m - the amulet "Qoczoc" {Regen+ Stlth+}
   (You found it on level 5 of the Vaults)

   [amulet of regeneration]

   It increases your rate of regeneration.
   It makes you more stealthy.
 n - the ring "Fuk Ohui" (right hand) {rPois rC+ rN+ MR+}
   (You took it off a skeletal warrior on level 3 of the Crypt)

   [ring of positive energy]

   It protects you from cold.
   It protects you from poison.
   It protects you from negative energy.
   It affects your resistance to hostile enchantments.
 C - an amulet of resist mutation (around neck)
 Q - the cursed amulet of the Seven Eyes {rN+ Regen+ Slay-6 SInv}
   (You found it in Pandemonium)

   [amulet of regeneration]

   It affects your accuracy and damage with ranged weapons and melee attacks
   (-6).
   It protects you from negative energy.
   It enhances your eyesight.
   It increases your rate of regeneration.
   It has a curse placed upon it.
 U - an uncursed ring of wizardry
 V - an uncursed ring of magical power
Magical devices
 a - a wand of lightning (6)
 b - a wand of disintegration (11)
 c - a wand of heal wounds (4)
 p - a wand of fireball (5)
 r - a wand of cold (11)
 z - a wand of teleportation (4)
 A - a wand of cold (1)
 B - a wand of lightning (5)
 I - a wand of enslavement (10)
 K - a wand of fire (2)
 O - a wand of lightning (3)
 T - a wand of lightning (2)
Scrolls
 f - 3 scrolls of holy word
 h - 11 scrolls of recharging
 k - 21 scrolls of teleportation
 q - 36 scrolls of remove curse
 s - 11 scrolls of magic mapping
 u - 8 scrolls of immolation
 y - a scroll of torment
 H - 9 scrolls of fog
 R - 11 scrolls of fear
 X - 36 scrolls of identify
 Y - 8 scrolls of blinking
Potions
 e - 6 potions of invisibility
 i - 5 potions of magic
 t - 11 potions of haste
 v - 8 potions of flight
 x - 5 potions of cancellation
 D - 9 potions of restore abilities
 E - 7 potions of resistance
 G - 21 potions of curing
 J - 15 potions of brilliance
 P - 9 potions of heal wounds
 Z - a potion of cure mutation
Miscellaneous
 F - a phial of floods
Comestibles
 d - 23 bread rations
 g - 32 meat rations
 M - 20 royal jellies


   Skills:
 + Level 19.2 Fighting
 - Level 10.0 Dodging
 - Level 2.4 Stealth
 O Level 27 Spellcasting
 + Level 26.1 Conjurations
 - Level 12.5 Charms
   Level 4.1 Summonings
 + Level 25.8 Necromancy
 - Level 10.3 Translocations
 - Level 4.0 Transmutations
 + Level 25.7 Fire Magic
 * Level 25.1 Ice Magic
 - Level 5.5 Air Magic
 - Level 22.6 Earth Magic
   Level 2.5 Poison Magic
 - Level 10.0 Invocations
 - Level 10.0 Evocations


You had one spell level left.
You knew the following spells:

 Your Spells              Type           Power        Failure   Level  Hunger
a - Lehudib's Crystal Sp  Conj/Erth      #########.   1%          8    N/A
b - Ring of Flames        Chrm/Fire      ########..   1%          7    N/A
c - Glaciate              Conj/Ice       #########.   1%          9    N/A
d - Controlled Blink      Tloc           N/A          2%          7    N/A
f - Deflect Missiles      Chrm/Air       ########..   1%          6    N/A
h - Haste                 Chrm           ########     1%          6    N/A
l - Shatter               Erth           #########.   3%          9    N/A
n - Necromutation         Trmt/Necr      #########.   3%          8    N/A
v - Bolt of Fire          Conj/Fire      #########.   0%          6    N/A
x - Force Lance           Conj/Tloc      ########     0%          4    N/A
z - Fire Storm            Conj/Fire      #########.   1%          9    N/A

Dungeon Overview and Level Annotations

Branches:
Dungeon (15/15)            Temple (1/1) D:4            Lair (8/8) D:11
  Swamp (5/5) Lair:4       Spider (5/5) Lair:3        Slime (6/6) Lair:7
    Orc (4/4) D:9             Elf (3/3) Orc:4        Vaults (5/5) D:14
  Crypt (3/3) Vaults:3       Tomb (3/3) Crypt:3      Depths (5/5) D:15
   Hell (1/1)                 Dis (0/7) Hell            Geh (0/7) Hell
    Coc (7/7) Hell            Tar (0/7) Hell            Zot (5/5) Depths:5

Altars:
Ashenzari
Cheibriados
Dithmenos
Elyvilon
Fedhas
Gozag
Kikubaaqudgha
Makhleb
Nemelex Xobeh
Okawaru
Qazlal
Ru
Sif Muna
Trog
Vehumet
Xom
Yredelemnul
Zin
The Shining One

Shops:
D:11 !   D:15 ?   Orc:3 %   Orc:4 ?[=!   Elf:3 :   Vaults:1 *   Vaults:2 !
Depths:5 %

Portals:
Hell: Depths:1 Depths:2 Depths:3 Depths:4 Depths:5
Abyss: Depths:3 Depths:4 Depths:5
Pandemonium: Depths:1 Depths:3
Ziggurat: Depths:1
Trove: Elf:1 (give horn of Geryon)

Annotations:
Coc:7 Antaeus


Innate Abilities, Weirdness & Mutations

Your flesh is heat resistant.


Message History

The ice devil barely misses your fire vortex.
Antaeus hits you!!! Antaeus freezes you! You resist.
Antaeus hits you but does no damage.
A bog body comes into view.
Casting: Lehudib's Crystal Spear
Confirm with . or Enter, or press ? or * to list all spells.
Aiming: Lehudib's Crystal Spear
Press: ? - help, Shift-Dir - straight line, f/p - Antaeus
Aim: Antaeus (severely wounded)
You feel a surge of power!
The crystal spear hits Antaeus.
Antaeus is almost dead.
The ice encasing you melts away.
The bog body moves out of view.
Antaeus hits you!!!
* * * LOW HITPOINT WARNING * * *
Antaeus freezes you! You resist.
* * * LOW HITPOINT WARNING * * *
Antaeus hits you!!
* * * LOW HITPOINT WARNING * * *
Antaeus freezes you! You resist.
You die...

..≈≈≈.≈≈≈..≈≈≈≈≈≈* *≈≈≈≈,,,,≈≈≈≈
.≈≈≈≈.≈≈≈≈≈≈≈≈≈≈.# **≈≈≈,,,,,,≈≈≈
)≈≈≈≈.≈≈≈≈≈≈≈≈≈≈#. *≈≈≈..,,,,,,≈≈
.≈≈≈≈.≈≈≈≈≈≈≈≈≈≈.. *≈≈≈..#****,,≈
≈≈≈≈≈.≈≈≈.≈≈≈≈≈#* *§≈.§##,,,**,,
≈≈≈≈≈.≈≈...≈≈≈≈# *§§...=,,,,*,,
..≈≈≈≈≈≈...≈≈≈≈#####≈≈3.#,,,,,*,,
..≈≈≈≈≈≈...≈≈≈≈.##..§≈§.#,,,,,*,,
:.≈≈≈≈≈....≈≈≈≈.L..#§§§§#*,,,**,,
≈..≈≈≈≈....≈≈≈≈..C##≈≈§§§#*+**,,≈
≈....≈....≈≈≈≈≈..##**≈§≈..,,,,,≈≈
≈≈.∩...∩.≈≈≈≈≈≈### *≈≈≈≈.,,,,,≈≈
≈≈.......≈≈≈≈≈≈# *≈≈≈≈≈,,,,≈≈≈
≈≈≈≈.∩.≈≈≈≈≈≈≈## **≈≈≈≈≈,,,≈≈≈
≈≈≈≈≈≈≈≈≈≈≈≈≈≈# *≈≈≈≈≈≈≈≈≈≈≈
≈≈≈≈≈≈≈≈≈≈≈≈≈≈# **≈≈≈≈≈≈≈≈≈≈
#≈≈≈≈≈≈≈≈≈≈≈≈≈# *≈≈≈≈≈≈≈≈≈≈


You could see Antaeus and an ice devil.

Vanquished Creatures
  Cerebov (Pan)
  the royal jelly (Slime:6)
  Gloorx Vloq (Pan)
  Mnoleg (Pan)
  A seraph (Pan)
  The ghost of faibistes the Archmage, a legendary DEWz of Sif Muna (Zot:5)
  Lom Lobon (Pan)
  13 ancient liches
  Khufu (Tomb:1)
  2 orbs of fire (Zot:5)
  36 greater mummies
  Boris (Crypt:1)
  Sojobo (Depths:1)
  3 caustic shrikes (Depths:2)
  13 shard shrikes
  Norris (Depths:2)
  Saint Roka (Swamp:5)
  7 curse toes
  2 Killer Klowns (Zot:5)
  Geryon (Hell)
  15 golden dragons
  A profane servitor (Abyss:1)
  Jory (Tomb:2)
  A pearl dragon (Pan)
  Xtahua (Crypt:1)
  Frederick (Depths:3)
  6 bone dragons
  Arachne (Spider:4)
  6 pandemonium lords (Pan)
  Nikola (Spider:2)
  6 Brimstone Fiends (Pan)
  5 electric golems
  4 Hell Sentinels (Pan)
  17 tentacled monstrosities
  8 liches
  25 Orb Guardians (Zot:5)
  12 Ice Fiends
  A quicksilver dragon (Depths:4)
  The ghost of casual the Peltast, a mighty TrMo of Cheibriados (Swamp:5)
  6 deep elf blademasters
  21 acid blobs
  3 deep elf master archers (Elf:3)
  10 titans
  16 sphinxes
  Murray (Hell)
  6 tentacled starspawn
  17 Executioners
  An octopode crusher (Depths:3)
  Agnes (Depths:1)
  An azure jelly (shapeshifter) (Depths:2)
  8 ancient champions
  6 shadow dragons
  Kirke (Spider:2)
  A thorn hunter (Swamp:3)
  19 storm dragons
  5 blood saints (Pan)
  Roxanne (Spider:1)
  8 tengu reavers
  5 revenants
  3 draconian monks
  15 azure jellies
  Donald (D:13)
  Wiglaf (Crypt:1)
  14 frost giants
  4 ghost moths
  11 daevas
  Maud (Lair:8)
  3 iron dragons
  14 vault wardens
  10 draconian scorchers
  11 deep elf sorcerers
  An orc warlord (Vaults:2)
  Louise (Swamp:2)
  19 balrugs
  3 draconian knights
  15 fire giants
  2 curse skulls (Pan)
  3 warmongers (Pan)
  10 cacodemons (Pan)
  4 draconian zealots
  24 angels (Pan)
  2 ghouls (Crypt:3)
  15 ironheart preservers
  16 emperor scorpions
  Jorgrun (Vaults:2)
  12 draconian annihilators
  A spriggan defender (Depths:4)
  3 draconian shifters
  16 reapers
  3 draconian callers
  2 Killer Klown zombies (Zot:5)
  13 very ugly things
  2 elemental wellsprings
  7 grey draconians
  12 ophanim (Pan)
  19 stone giants
  3 war gargoyles
  9 lorocyprocas
  2 salamander firebrands (Hell)
  8 deep elf demonologists
  4 chaos champions (Pan)
  17 apis (Pan)
  12 bennus
  22 deep elf annihilators
  4 black draconians
  7 green draconians
  4 eidola
  Azrael (Spider:4)
  2 dire elephants
  7 white draconians
  5 red draconians
  8 death oozes
  A vampire knight (Crypt:3)
  9 mottled draconians
  8 pale draconians
  2 yellow draconians (Zot:1)
  9 purple draconians
  2 black suns (Pan)
  10 ettins
  23 blizzard demons
  6 deep elf death magi
  Snorg (Spider:1)
  An unborn (Tomb:2)
  17 mummy priests
  A crystal guardian (Depths:2)
  33 vault guards
  21 fire dragons
  12 green deaths
  12 deep elf high priests
  A minotaur (shapeshifter) (Vaults:4)
  13 jiangshi
  3 minotaurs
  A quicksilver dragon zombie (Hell)
  6 death cobs
  2 kraken zombies
  24 yaktaur captains
  19 rakshasas
  32 ice dragons
  A quicksilver dragon skeleton (Coc:2)
  19 great orbs of eyes
  14 centaur warriors
  2 catoblepae
  8 spriggan air magi
  An ice dragon (shapeshifter) (Depths:2)
  12 deep troll earth magi
  21 hydras
  5 monstrous demonspawn
  2 ghost crabs
  7 statues (Depths:3)
  A catoblepas (shapeshifter) (Vaults:5)
  Erica (Lair:8)
  23 dancing weapons
  2 death knights
  11 alligators
  27 death yaks
  3 thrashing horrors (Abyss:1)
  5 hell beasts
  2 orc high priests
  5 spriggan berserkers
  16 soul eaters
  17 ogre magi
  5 deep troll shamans
  2 titan zombies
  6 vampire magi
  A tengu warrior (D:15)
  A spectral dire elephant (Tomb:1)
  5 hell hogs
  14 spriggans
  21 sun demons
  21 deep elf knights
  A titan skeleton (Hell)
  12 shadow wraiths
  6 wretched stars
  22 death scarabs
  24 hell knights
  2 salamander mystics (Depths:2)
  43 skeletal warriors
  4 fire crabs
  11 unseen horrors
  An iron troll (Depths:3)
  2 spatial maelstroms (Abyss:1)
  34 ice devils
  A quicksilver dragon simulacrum (Coc:1)
  2 ghost moth zombies
  A storm dragon skeleton (Tomb:3)
  2 ball lightnings (Pan)
  4 anaconda zombies
  11 cherubim (Pan)
  10 deep elf summoners
  7 giant orange brains
  7 infernal demonspawn (Pan)
  A spriggan druid (Swamp:5)
  9 wizards
  4 golden dragon zombies
  15 harpies
  2 deep trolls (shapeshifter)
  9 putrid demonspawn (Pan)
  5 anaconda skeletons
  36 anubis guards
  7 gelid demonspawn
  9 hill giants
  5 ice statues
  2 shambling mangroves
  6 starcursed masses (Abyss:1)
  2 deathcaps (Crypt:3)
  A kraken simulacrum (Hell)
  25 deep trolls
  A tengu zombie (Vaults:4)
  2 golden dragon skeletons
  8 swamp dragons
  9 flayed ghosts
  22 ironbrand convokers
  4 shadow dragon zombies
  11 griffons
  5 torturous demonspawn (Pan)
  41 wolf spiders
  23 deep elf conjurers
  23 orb spiders
  9 orc knights
  4 shadow dragon skeletons
  7 cyclopes
  9 shining eyes
  53 ugly things
  A wolf spider (shapeshifter) (Vaults:3)
  10 necromancers
  2 hornets (shapeshifter)
  2 frost giant zombies
  9 mana vipers
  2 orc sorcerers
  A stone giant zombie (Coc:1)
  A spectral alligator (Tomb:1)
  8 hornets
  30 moths of wrath
  4 worldbinders
  4 iron dragon skeletons
  2 stone giant skeletons (Pan)
  A sphinx skeleton (Crypt:3)
  8 elephants
  4 manticores
  6 fire giant skeletons
  12 vault sentinels
  24 sixfirhies
  Maurice (D:11)
  3 dire elephant zombies
  A guardian serpent (Lair:8)
  2 shock serpent zombies
  3 torpor snails
  A molten gargoyle (Hell)
  2 apocalypse crabs (Abyss:1)
  A gargoyle (D:15)
  15 phantasmal warriors
  32 smoke demons
  3 rust devils (Pan)
  2 naga magi (Depths:2)
  33 spiny frogs
  6 centaur skeletons
  A death yak zombie (Depths:5)
  43 orange demons
  2 eyes of devastation (shapeshifter)
  2 eyes of devastation (Slime:6)
  10 tormentors
  16 black mambas
  A fire drake (Lair:5)
  2 hellions
  2 dire elephant skeletons (Coc:7)
  A spiny frog (shapeshifter) (Vaults:3)
  72 yaktaurs
  26 hellwings
  A kobold demonologist (Depths:1)
  11 komodo dragons
  24 demonic crawlers
  16 deep elf priests
  4 tengu conjurers
  5 ancient zymes (Abyss:1)
  An elf (shapeshifter) (Vaults:4)
  A catoblepas skeleton (Crypt:3)
  A purple draconian skeleton (Crypt:1)
  9 efreet
  45 guardian mummies
  A silent spectre (Crypt:1)
  45 large abominations
  36 two-headed ogres
  31 freezing wraiths
  2 yaktaurs (shapeshifter)
  A death yak skeleton (Crypt:1)
  3 harpy zombies
  9 hydra zombies
  32 jumping spiders
  2 tengu simulacra
  8 polar bears (Lair:8)
  3 wandering mushrooms (Crypt:3)
  62 fire vortices
  A sphinx simulacrum (Vaults:2)
  A queen bee (shapeshifter) (Vaults:2)
  Grinder (D:3)
  4 hydra skeletons
  15 red devils
  7 ushabtiu
  3 giant leeches (Swamp:3)
  A baby alligator (shapeshifter) (Vaults:4)
  A trapdoor spider zombie (D:12)
  9 trolls
  A two-headed ogre (shapeshifter) (Vaults:4)
  24 blue devils
  12 boulder beetles
  A raiju (shapeshifter) (Abyss:1)
  98 slime creatures
  30 blink frogs
  4 deep troll zombies
  4 alligator zombies
  A blink frog (shapeshifter) (Depths:1)
  28 bog bodies
  A boulder beetle (shapeshifter) (Depths:2)
  A fire dragon zombie (Coc:4)
  2 baby alligators (Swamp:1)
  20 ravens
  37 flying skulls
  A centaur simulacrum (D:15)
  4 basilisks
  2 ettin zombies
  80 redbacks
  23 trapdoor spiders
  A dire elephant simulacrum (Crypt:1)
  A black mamba zombie (Coc:1)
  4 ice dragon skeletons
  An ice dragon zombie (Coc:4)
  11 raiju
  7 vampires
  An alligator skeleton (Coc:7)
  8 air elementals
  An iron dragon simulacrum (Coc:1)
  3 wyverns
  2 hogs (Spider:2)
  16 water elementals
  6 golden eyes
  2 tarantellas (shapeshifter)
  4 ettin skeletons
  2 fire dragon skeletons
  2 hill giant zombies (D:9)
  23 ynoxinuls
  82 yaks
  23 tarantellas
  16 wraiths
  17 humans
  25 shadows
  37 deep elf magi
  A golden eye (shapeshifter) (D:15)
  8 hungry ghosts
  A steam dragon (Lair:5)
  11 chaos spawn
  A hippogriff (shapeshifter) (Depths:4)
  6 fire elementals
  11 hippogriffs
  41 vampire mosquitoes
  19 neqoxecs
  48 deep elf fighters
  An emperor scorpion simulacrum (Coc:7)
  9 insubstantial wisps
  A torturous demonspawn zombie (Crypt:2)
  3 hydra simulacra
  21 spatial vortices
  7 hell hounds
  5 human zombies
  32 orc warriors
  28 swamp worms
  A soldier ant (D:14)
  7 spiny frog zombies
  12 wargs
  25 wolves
  3 mottled dragons
  2 harpy simulacra
  30 ice beasts
  A swamp drake (shapeshifter) (Depths:4)
  A merfolk skeleton (Crypt:2)
  9 phantoms
  21 porcupines
  11 swamp drakes
  10 eyes of draining
  33 water moccasins
  An ice dragon simulacrum (Tomb:2)
  7 spiny frog skeletons
  7 necrophages
  57 spiders
  4 boggarts (D:14)
  13 black bears
  A swamp dragon zombie (Coc:7)
  An alligator simulacrum (Coc:7)
  21 wasps
  78 ogres
  An elephant skeleton (Crypt:2)
  A manticore skeleton (Pan)
  A snapping turtle skeleton (Tomb:3)
  A swamp dragon skeleton (Crypt:2)
  A boring beetle (Lair:8)
  15 centaurs
  A lost soul (Elf:3)
  17 crocodiles
  A crocodile (shapeshifter) (Vaults:1)
  16 small abominations
  An octopode zombie (Crypt:2)
  Blork the orc (D:5)
  18 giant frogs
  A draconian skeleton (Crypt:1)
  An ogre simulacrum (Vaults:1)
  2 elf skeletons
  2 water moccasin zombies (Ossuary)
  2 wyvern skeletons
  4 troll zombies
  A snapping turtle simulacrum (Coc:1)
  30 wights
  8 scorpions
  A polar bear skeleton (Crypt:2)
  10 electric eels
  17 killer bees
  An elephant simulacrum (Depths:2)
  14 crimson imps
  6 centaur zombies
  30 jellies
  A giant frog zombie (D:12)
  5 goliath beetles
  4 giant frog skeletons
  4 quasits
  32 hounds
  3 iron imps
  30 orc priests
  8 hell rats
  2 iguanas
  39 orc wizards
  17 worker ants
  A killer bee zombie (D:6)
  8 sheep
  2 big kobold zombies (Ossuary)
  Jessica (D:3)
  A naga skeleton (Pan)
  5 ogre zombies
  A hound skeleton (D:4)
  3 hound zombies
  47 mummies
  2 worker ant zombies
  Robin (D:2)
  A gnoll (shapeshifter) (Depths:2)
  35 adders
  4 gnolls (D:7)
  35 river rats
  11 white imps
  A giant eyeball (Pan)
  12 shadow imps
  2 worms
  10 ufetubi
  A lava snake zombie (Crypt:1)
  4 adder skeletons
  8 adder zombies (Ossuary)
  A halfling skeleton (Crypt:3)
  6 giant geckos
  4 oozes
  219 orcs
  3 ball pythons
  8 giant cockroaches
  16 goblins
  20 hobgoblins
  16 jackals
  17 quokkas
  14 bats
  A giant gecko skeleton (D:5)
  4 giant newts
  A giant spore (D:8)
  A gnoll zombie (Ossuary)
  A goblin skeleton (D:9)
  2 hobgoblin skeletons
  8 hobgoblin zombies
  A jackal skeleton (D:4)
  19 kobolds
  2 kobold skeletons
  5 kobold zombies (Ossuary)
  A lurking horror (Abyss:1)
  5 orc skeletons
  24 orc zombies
  A quokka skeleton (D:4)
  7 rats
  8 ballistomycetes
  11 blocks of ice
  A bush (Lair:1)
  2 crawling corpses (Elf:3)
  7 fungi
  6 plants
  4 starspawn tentacles (Abyss:1)
  A starspawn tentacle segment (Abyss:1)
  4 tentacles (Coc:5)
  A tentacle segment (Coc:5)
4961 creatures vanquished.

Vanquished Creatures (collateral kills)
  A greater mummy (Tomb:1)
  A Killer Klown (Zot:5)
  A golden dragon (Zot:2)
  An Ice Fiend (Coc:7)
  An acid blob (Slime:1)
  2 draconian monks
  A storm dragon (Zot:5)
  An ophan (Pan)
  An apis (Pan)
  3 green draconians
  2 yellow draconians (Zot:5)
  A blizzard demon (Pan)
  An ice dragon (Zot:1)
  3 death scarabs (Tomb:1)
  2 ball lightnings (Pan)
  An anaconda zombie (Coc:7)
  An anaconda skeleton (Tomb:1)
  A sixfirhy (Pan)
  A dire elephant zombie (Tomb:3)
  A smoke demon (Pan)
  An orange demon (Pan)
  A mottled draconian zombie (Zot:3)
  2 hellwings (Pan)
  A guardian mummy (Tomb:3)
  4 slime creatures
  A raiju (Abyss:1)
  3 golden eyes (Slime:6)
  3 neqoxecs (Pan)
  A wraith (Crypt:1)
  A human zombie (Hell)
  A chaos spawn (Pan)
  A water moccasin (Lair:1)
  A large abomination (Abyss:1)
  A spiny frog simulacrum (Coc:5)
  A killer bee (D:9)
  2 wights (Coc:4)
  3 jellies
  3 mummies
  An adder (D:3)
  A white imp (Coc:7)
  A worm (D:2)
  A lava snake zombie (Crypt:3)
  A giant cockroach (D:3)
  2 hobgoblins (D:2)
  A bat (D:1)
  A giant newt (D:1)
  2 goblins (D:2)
  A kobold (D:1)
  2 blocks of ice (Pan)
72 creatures vanquished.

Vanquished Creatures (others)
  An eldritch tentacle (Zot:5)
  A rakshasa (Pan)
  18 death scarabs (Tomb:2)
  A cherub (Pan)
  3 ball lightnings (Pan)
  An anubis guard (Tomb:2)
  An orc sorcerer (Swamp:5)
  A guardian mummy (Tomb:2)
  658 fire vortices
  A raven (Depths:5)
  8 flying skulls
  A deep elf mage (Elf:3)
  3 humans (Spider:2)
  A swamp worm (shapeshifter) (Depths:2)
  An orc warrior (Swamp:5)
  5 lost souls
  A killer bee (D:9)
  A wight (Tomb:1)
  A crimson imp (D:10)
  7 mummies
  A river rat (Lair:8)
  A white imp (D:2)
  2 orcs
  A giant spore (D:14)
  A ballistomycete (D:14)
  49 blocks of ice
  58 eldritch tentacle segments (Zot:5)
  93 fungi
  58 plants
  15 snaplasher vine segments (Elf:2)
  9 starspawn tentacles
  51 starspawn tentacle segments
  8 tentacles (Coc:5)
  8 tentacle segments (Coc:5)
1070 creatures vanquished.

Grand Total: 6103 creatures vanquished

Notes
Turn   | Place    | Note
--------------------------------------------------------------
     0 | D:1      | faibistes, the Deep Elf Wizard, began the quest for the Orb.
     0 | D:1      | Reached XP level 1. HP: 10/10 MP: 6/6
   356 | D:1      | You fall through a shaft!
   364 | D:2      | Reached XP level 2. HP: 15/15 MP: 6/9
   395 | D:2      | Learned a level 2 spell: Blink
   398 | D:2      | Learned a level 2 spell: Call Imp
  1145 | D:1      | Reached XP level 3. HP: 19/19 MP: 10/13
  1150 | D:1      | Learned a level 3 spell: Conjure Flame
  1154 | D:1      | Learned a level 3 spell: Mephitic Cloud
  1952 | D:2      | Reached skill level 5 in Spellcasting
  2040 | D:2      | Reached XP level 4. HP: 22/24 MP: 10/17
  2139 | D:2      | Learned a level 2 spell: Repel Missiles
  2317 | D:2      | Noticed Robin
  2354 | D:2      | Killed Robin
  2814 | D:3      | Noticed Grinder
  2815 | D:3      | Paralysed by Grinder for 4 turns
  2844 | D:3      | Killed Grinder
  2844 | D:3      | Reached skill level 6 in Spellcasting
  2844 | D:3      | Reached XP level 5. HP: 25/28 MP: 16/20
  2844 | D:3      | Reached XP level 6. HP: 28/32 MP: 17/22
  3176 | D:3      | Noticed Jessica
  3251 | D:4      | Found a staircase to the Ecumenical Temple.
  3251 | D:4      | Noticed an ogre
  3407 | D:3      | Found a sparkling altar of Nemelex Xobeh.
  3408 | D:3      | Found a radiant altar of Vehumet.
  3412 | D:3      | Killed Jessica
  3570 | D:4      | Noticed an ogre
  3571 | D:4      | Noticed an ogre
  3593 | D:3      | Reached skill level 7 in Spellcasting
  3804 | D:4      | Killed an ogre
  3810 | D:4      | Reached XP level 7. HP: 33/36 MP: 13/25
  3826 | D:4      | Killed an ogre
  4002 | Temple   | Entered the Ecumenical Temple
  4273 | Temple   | Became a worshipper of Sif Muna the Loreminder
  4432 | D:4      | Killed an ogre
  4432 | D:4      | Reached skill level 1 in Fire Magic
  4629 | D:5      | Entered Level 5 of the Dungeon
  4707 | D:4      | Reached skill level 5 in Dodging
  4707 | D:4      | Reached skill level 1 in Air Magic
  4828 | D:5      | Noticed Blork the orc
  4842 | D:5      | Killed Blork the orc
  4842 | D:5      | Reached skill level 8 in Spellcasting
  5383 | D:6      | Reached skill level 5 in Conjurations
  5398 | D:6      | Reached skill level 1 in Poison Magic
  5560 | D:6      | Reached XP level 8. HP: 41/41 MP: 9/27
  5785 | D:6      | Found a sand-covered staircase.
  5790 | Ossuary  | Entered an ossuary
  5956 | Ossuary  | Acquired Sif Muna's first power
  6433 | Ossuary  | Gained mutation: Your mind is acute. (Int +2) [potion of beneficial mutation]
  6434 | Ossuary  | Gained mutation: Your mind is very acute. (Int +4) [potion of beneficial mutation]
  7416 | D:6      | Acquired Sif Muna's second power
  7975 | D:7      | Reached skill level 9 in Spellcasting
  8197 | D:7      | Reached XP level 9. HP: 44/46 MP: 16/29
  8424 | D:7      | Reached skill level 1 in Charms
  8447 | D:7      | Reached skill level 1 in Invocations
  8447 | D:7      | Reached skill level 1 in Evocations
  8546 | D:7      | Found a basalt altar of Yredelemnul.
  8782 | D:7      | Found a glowing golden altar of the Shining One.
  8920 | D:7      | Found an ancient bone altar of Kikubaaqudgha.
  9157 | D:8      | Reached skill level 1 in Fighting
  9290 | D:8      | Found a bloodstained altar of Trog.
  9929 | D:8      | Reached skill level 10 in Spellcasting
 11611 | D:9      | Reached XP level 10. HP: 50/52 MP: 10/31
 11738 | D:9      | Reached skill level 5 in Fire Magic
 11825 | D:9      | Found a snail-covered altar of Cheibriados.
 12414 | D:10     | Entered Level 10 of the Dungeon
 12511 | D:9      | Acquired Sif Muna's third power
 12825 | D:9      | Found a staircase to the Orcish Mines.
 13211 | D:9      | Reached skill level 11 in Spellcasting
 13710 | D:10     | Reached skill level 5 in Invocations
 14038 | D:12     | Noticed a cyclops
 14065 | D:11     | Noticed a hill giant
 14266 | D:11     | Killed a hill giant
 15076 | D:9      | Reached XP level 11. HP: 46/59 MP: 30/33
 15491 | D:9      | Reached skill level 5 in Translocations
 16220 | D:10     | Reached skill level 5 in Charms
 18199 | D:10     | Noticed an ice statue
 18563 | D:11     | Noticed a death yak
 18572 | D:11     | Killed a death yak
 18572 | D:11     | Reached skill level 12 in Spellcasting
 18627 | D:11     | Noticed an elephant
 18640 | D:11     | Killed an elephant
 18868 | D:11     | Found a staircase to the Lair.
 19076 | D:12     | Killed a cyclops
 19383 | D:11     | Noticed Maurice
 19401 | D:11     | Killed Maurice
 19729 | D:11     | Found Psarch's Distillery.
 19872 | Lair:1   | Entered Level 1 of the Lair of Beasts
 20294 | Lair:1   | Reached skill level 5 in Evocations
 20357 | Lair:1   | Got a pair of ancient boots
 20368 | Lair:1   | Identified the cursed -5 pair of boots of the Valley {rC+ Str+2} (You found it on level 1 of the Lair of Beasts)
 20652 | Lair:1   | Reached XP level 12. HP: 42/66 MP: 25/35
 21730 | Lair:1   | Gained mutation: You are partially covered in slimy green scales (AC +2). [potion of beneficial mutation]
 22147 | Lair:1   | Received a gift from Sif Muna
 22148 | Lair:1   | Identified Sif Muna's Disquisition on Fiery Attacks (Sif Muna gifted it to you on level 1 of the Lair of Beasts)
 22155 | Lair:1   | Learned a level 5 spell: Lightning Bolt
 22284 | Lair:1   | Noticed an eight-headed hydra
 22294 | Lair:1   | Killed an eight-headed hydra
 22668 | Lair:3   | Noticed an eight-headed hydra
 23015 | Lair:2   | Noticed a four-headed hydra
 23046 | Lair:2   | Killed a four-headed hydra
 23190 | Lair:3   | Found a hole to the Spider Nest.
 23192 | Lair:3   | Killed an eight-headed hydra
 23461 | Lair:1   | Reached skill level 13 in Spellcasting
 25077 | Lair:4   | Found a staircase to the Swamp.
 26079 | Lair:4   | Reached XP level 13. HP: 72/72 MP: 27/36
 26702 | Lair:5   | Reached skill level 5 in Air Magic
 26931 | Lair:4   | Noticed a four-headed hydra
 26946 | Lair:4   | Killed a four-headed hydra
 27576 | Lair:4   | Learned a level 2 spell: Swiftness
 28496 | Lair:4   | Received a gift from Sif Muna
 28497 | Lair:4   | Identified Sif Muna's Incunabulum of Cloudy Self-Improvement (Sif Muna gifted it to you on level 4 of the Lair of Beasts)
 28964 | Lair:5   | Reached skill level 5 in Fighting
 29510 | Lair:5   | Learned a level 3 spell: Stone Arrow
 29515 | Lair:5   | Learned a level 4 spell: Petrify
 29521 | Lair:5   | Learned a level 5 spell: Lee's Rapid Deconstruction
 30476 | Lair:6   | Reached skill level 1 in Earth Magic
 30498 | Lair:5   | Reached skill level 1 in Transmutations
 32976 | Lair:8   | Entered Level 8 of the Lair of Beasts
 32976 | Lair:8   | Found an ancient bone altar of Kikubaaqudgha.
 32976 | Lair:8   | Noticed Erica
 33098 | Lair:7   | Reached skill level 14 in Spellcasting
 33245 | Lair:7   | Reached skill level 10 in Dodging
 33377 | Lair:8   | Noticed Maud
 33468 | Lair:8   | Killed Erica
 33468 | Lair:8   | Reached XP level 14. HP: 27/78 MP: 5/38
 34995 | Lair:8   | Received a gift from Sif Muna
 34997 | Lair:8   | Reached skill level 10 in Invocations
 35005 | Lair:8   | Identified Sif Muna's Guide on the Escort (Sif Muna gifted it to you on level 8 of the Lair of Beasts)
 35689 | Lair:7   | Found a staircase to the Slime Pits.
 36862 | Lair:8   | Killed Maud
 36862 | Lair:8   | Reached skill level 10 in Conjurations
 36862 | Lair:8   | Reached skill level 5 in Earth Magic
 38004 | Lair:8   | Reached skill level 10 in Fire Magic
 38322 | Lair:8   | Identified a scroll of acquirement
 38329 | Lair:8   | Learned a level 4 spell: Force Lance
 38994 | Lair:8   | Reached skill level 10 in Charms
 39136 | Lair:8   | Received a gift from Sif Muna
 39140 | Lair:8   | Identified Sif Muna's Grimoire of Fiery Attacks (Sif Muna gifted it to you on level 8 of the Lair of Beasts)
 39221 | Lair:8   | Learned a level 5 spell: Fireball
 39667 | Lair:8   | Reached skill level 15 in Spellcasting
 40549 | Lair:8   | Reached XP level 15. HP: 84/84 MP: 25/39
 41904 | D:12     | Noticed a hill giant
 41918 | D:12     | Killed a hill giant
 42282 | D:12     | Noticed a hill giant
 42292 | D:12     | Killed a hill giant
 43291 | Orc:1    | Entered Level 1 of the Orcish Mines
 44370 | Orc:3    | Found Siankiof's Food Boutique.
 44818 | Orc:4    | Entered Level 4 of the Orcish Mines
 46736 | Orc:4    | Found a staircase to the Elven Halls.
 47530 | Orc:4    | Received a gift from Sif Muna
 47531 | Orc:4    | Identified Lucveompoas' Handbook of Igneous Attacks (Sif Muna gifted it to you on level 4 of the Orcish Mines)
 47889 | Lair:2   | Learned a level 6 spell: Bolt of Fire
 47900 | Lair:2   | Learned a level 5 spell: Summon Forest
 48406 | Orc:4    | Found Chommut's Distillery.
 48406 | Orc:4    | Found Soss' Jewellery Shoppe.
 48407 | Orc:4    | Found Obriase's Armour Shoppe.
 48407 | Orc:4    | Found Tatiadai's Magic Scroll Shop.
 48415 | Orc:4    | Bought a potion of haste for 170 gold pieces
 48415 | Orc:4    | Bought 2 potions of brilliance for 136 gold pieces
 48415 | Orc:4    | Bought a potion of haste for 170 gold pieces
 48415 | Orc:4    | Bought a potion of curing for 51 gold pieces
 48417 | Orc:4    | Bought a scroll of teleportation for 33 gold pieces
 48417 | Orc:4    | Bought a scroll of teleportation for 33 gold pieces
 48417 | Orc:4    | Bought a scroll of fear for 38 gold pieces
 48570 | Elf:1    | Entered Level 1 of the Elven Halls
 48963 | Elf:3    | Entered Level 3 of the Elven Halls
 49012 | Elf:1    | Found a portal to a secret trove of treasure.
 49135 | Elf:2    | Reached skill level 16 in Spellcasting
 51246 | Elf:1    | Reached XP level 16. HP: 90/90 MP: 39/40
 51748 | D:10     | Killed an ice statue
 51942 | D:10     | Noticed a frost giant
 51973 | D:10     | Killed a frost giant
 52643 | D:10     | Reached skill level 10 in Evocations
 52715 | D:10     | Noticed an ice dragon
 52719 | D:10     | Killed an ice dragon
 52729 | D:10     | Got a fine quarterstaff
 52730 | D:10     | Identified the cursed -2 quarterstaff "Mamir Ash" {freeze, rPois rC+ MR+ Dex+2} (You found it on level 10 of the Dungeon)
 52736 | D:10     | Noticed a hill giant
 52737 | D:10     | Killed a hill giant
 52737 | D:10     | Received a gift from Sif Muna
 52810 | D:10     | Identified Sif Muna's Papyrus of the Mountains (Sif Muna gifted it to you on level 10 of the Dungeon)
 52945 | Lair:2   | Learned a level 6 spell: Iron Shot
 53588 | Elf:1    | Got a pitted great sword
 53589 | Elf:1    | Identified the +11 great sword of the Wheel {freeze, MP+9 Int-4 Dex+7 Stlth+} (You took it off a deep elf fighter on level 1 of the Elven Halls)
 53653 | Elf:2    | Got a translucent cloak
 53664 | Elf:2    | Identified the +2 cloak "Vutas" {+Blink rN+ Str+4 Int+5 Dex-5} (You found it on level 2 of the Elven Halls)
 54033 | Elf:2    | Found a huge runed gate.
 54033 | Elf:2    | Found a huge runed gate.
 54034 | Elf:2    | Found a huge runed gate.
 54034 | Elf:2    | Found a huge runed gate.
 54034 | Elf:2    | Found a huge runed gate.
 54066 | Elf:2    | Noticed a deep elf blademaster
 54092 | Elf:2    | Killed a deep elf blademaster
 54838 | Elf:2    | Reached skill level 10 in Earth Magic
 55261 | Elf:2    | Reached skill level 17 in Spellcasting
 56084 | Lair:2   | Learned a level 7 spell: Ring of Flames
 56130 | Swamp:1  | Entered Level 1 of the Swamp
 56739 | Swamp:2  | Received a gift from Sif Muna
 56740 | Swamp:2  | Identified Dispater's Reference Book on Earth (Sif Muna gifted it to you on level 2 of the Swamp)
 58704 | Swamp:2  | Noticed Louise
 58778 | Swamp:2  | Killed Louise
 59493 | Swamp:3  | Reached XP level 17. HP: 70/97 MP: 21/42
 59748 | Swamp:2  | Identified the Handbook of Lucky Lightness
 60489 | Swamp:3  | Upgraded the game from 0.16.2-12-gd0ad4c3 to 0.16.2-14-g7133f4a77c
 61842 | Lair:3   | Reached skill level 18 in Spellcasting
 61972 | Spider:1 | Entered Level 1 of the Spider Nest
 62599 | Spider:1 | Noticed Roxanne
 62603 | Spider:1 | Killed Roxanne
 62765 | Spider:2 | Received a gift from Sif Muna
 62766 | Spider:2 | Identified Sif Muna's Reference Book on Talismans (Sif Muna gifted it to you on level 2 of the Spider Nest)
 62992 | Spider:1 | Identified Roxanne's Catalogue of the Mutagenic Mountains (You took it off Roxanne on level 1 of the Spider Nest)
 63123 | Spider:1 | Learned a level 3 spell: Passwall
 63284 | Spider:1 | Noticed Snorg
 64308 | Spider:1 | Killed Snorg
 64642 | Spider:2 | Noticed Nikola
 64818 | Spider:2 | Noticed Kirke
 64820 | Spider:2 | Killed Kirke
 65948 | Spider:2 | Killed Nikola
 67615 | Spider:2 | Received a gift from Sif Muna
 67616 | Spider:2 | Identified Sif Muna's Handbook of Damage Dealing (Sif Muna gifted it to you on level 2 of the Spider Nest)
 70204 | Swamp:4  | Reached skill level 19 in Spellcasting
 70249 | Swamp:4  | Reached XP level 18. HP: 104/104 MP: 43/43
 70992 | Swamp:5  | Entered Level 5 of the Swamp
 71921 | Swamp:5  | Got a crystal arbalest
 72037 | Swamp:4  | Identified the -1 arbalest of Vot Gergh {elec, rElec rN++ Int+2 Dex-4} (You found it on level 5 of the Swamp)
 72555 | Spider:4 | Noticed Azrael
 72711 | Spider:4 | Killed Azrael
 72846 | Spider:4 | Received a gift from Sif Muna
 72847 | Spider:4 | Identified Sif Muna's Catalogue of Boosts (Sif Muna gifted it to you on level 4 of the Spider Nest)
 73084 | Lair:2   | Learned a level 6 spell: Deflect Missiles
 73290 | Spider:5 | Entered Level 5 of the Spider Nest
 73336 | Spider:4 | Noticed Arachne
 73750 | Spider:4 | Killed Arachne
 74980 | Swamp:5  | Noticed casual's ghost (mighty TrMo)
 75001 | Swamp:5  | Killed casual's ghost
 76695 | Swamp:5  | Noticed Saint Roka
 76712 | Swamp:5  | Killed Saint Roka
 76712 | Swamp:5  | Received a gift from Sif Muna
 77600 | Swamp:5  | Reached skill level 20 in Spellcasting
 78059 | Swamp:5  | Got a decaying rune of Zot
 78445 | Orc:4    | Bought a scroll of identify for 22 gold pieces
 78445 | Orc:4    | Bought a scroll of identify for 22 gold pieces
 78445 | Orc:4    | Bought a scroll of identify for 22 gold pieces
 78445 | Orc:4    | Bought 3 scrolls of magic mapping for 115 gold pieces
 80363 | Spider:5 | Reached XP level 19. HP: 110/112 MP: 43/44
 82351 | Spider:5 | Got a gossamer rune of Zot
 82818 | D:13     | Noticed a hill giant
 82821 | D:13     | Killed a hill giant
 83046 | D:14     | Found a gate to the Vaults.
 83046 | D:14     | Noticed Donald
 83054 | D:13     | Killed Donald
 83237 | D:14     | Reached skill level 10 in Fighting
 83322 | D:15     | Entered Level 15 of the Dungeon
 83325 | D:15     | Received a gift from Sif Muna
 83326 | D:15     | Identified Sif Muna's Collected Works on Boosts and Displacement (Sif Muna gifted it to you on level 15 of the Dungeon)
 83418 | D:13     | Noticed a centaur warrior
 83421 | D:13     | Killed a centaur warrior
 84875 | D:14     | Found an ancient bone altar of Kikubaaqudgha.
 84960 | D:14     | Reached skill level 15 in Earth Magic
 85577 | D:15     | Found Strij's Magic Scroll Boutique.
 85577 | D:15     | Found a shattered altar of Ashenzari.
 85649 | D:15     | Bought a scroll of teleportation for 39 gold pieces
 85649 | D:15     | Bought a scroll of identify for 26 gold pieces
 85649 | D:15     | Bought a scroll of recharging for 123 gold pieces
 85937 | D:15     | Noticed a cyclops
 86048 | D:15     | Killed a cyclops
 86950 | D:15     | Reached skill level 21 in Spellcasting
 87114 | D:15     | Found a staircase to the Depths.
 87913 | Vaults:1 | Entered Level 1 of the Vaults
 88368 | Vaults:1 | Found Suttoqal's Assorted Antiques.
 89146 | Vaults:2 | Received a gift from Sif Muna
 89147 | Vaults:2 | Identified Sif Muna's Papyrus of Twisted Boosts (Sif Muna gifted it to you on level 2 of the Vaults)
 89281 | Lair:2   | Learned a level 6 spell: Haste
 90283 | Vaults:2 | Reached XP level 20. HP: 118/118 MP: 24/45
 91814 | Vaults:2 | Got a bone morningstar
 91815 | Vaults:2 | Identified the +2 morningstar of Quarrel {crush, Int+2} (You found it on level 2 of the Vaults)
 92449 | Vaults:2 | Received a gift from Sif Muna
 92453 | Vaults:2 | Identified Sif Muna's Guide on Conjuration (Sif Muna gifted it to you on level 2 of the Vaults)
 92839 | Vaults:2 | Found Striuluut's Distillery.
 93078 | Vaults:2 | Bought a potion of heal wounds for 65 gold pieces
 93078 | Vaults:2 | Bought a potion of haste for 130 gold pieces
 93895 | Vaults:2 | Noticed Jorgrun
 93900 | Vaults:2 | Killed Jorgrun
 94099 | Vaults:2 | Reached skill level 22 in Spellcasting
 94793 | Vaults:3 | Reached skill level 15 in Conjurations
 95774 | Vaults:3 | Received a gift from Sif Muna
 95775 | Vaults:3 | Identified Sif Muna's Guide on Attacks and Heat (Sif Muna gifted it to you on level 3 of the Vaults)
 97106 | Vaults:3 | Reached skill level 15 in Fire Magic
 98163 | Vaults:3 | Reached XP level 21. HP: 105/124 MP: 46/46
 99438 | Vaults:3 | Found a staircase to the Crypt.
 99644 | Vaults:4 | Received a gift from Sif Muna
 99672 | Vaults:3 | HP: 4/124 [shadow wraith (20)]
101552 | Vaults:4 | Reached skill level 23 in Spellcasting
102959 | Vaults:4 | Identified Lun Osmi's Papyrus of Greatest Risks and Utility
103000 | Vaults:4 | Received a gift from Sif Muna
103001 | Vaults:4 | Identified Sif Muna's Disquisition on the Escort (Sif Muna gifted it to you on level 4 of the Vaults)
103656 | Depths:1 | Entered Level 1 of the Depths
103656 | Depths:1 | Found a gateway to Hell.
104799 | Depths:1 | Found a gateway to a ziggurat.
104899 | Depths:2 | Noticed Sojobo
104906 | Depths:2 | Noticed Agnes
104911 | Depths:1 | Killed Sojobo
105164 | Depths:1 | Reached XP level 22. HP: 39/131 MP: 41/47
105166 | Depths:1 | Killed Agnes
105773 | Depths:2 | Received a gift from Sif Muna
105774 | Depths:2 | Identified Lehudib's Compendium of Conjuration (Sif Muna gifted it to you on level 2 of the Depths)
106993 | Depths:1 | Found a one-way gate leading to the halls of Pandemonium.
108063 | Depths:2 | Reached skill level 24 in Spellcasting
108494 | Depths:2 | Got an ichor-stained robe
108505 | Depths:2 | Identified the cursed -6 robe of Huvidgh {+Fly Dex+5} (You took it off a deep elf annihilator on level 2 of the Depths)
108609 | Depths:2 | Received a gift from Sif Muna
108610 | Depths:2 | Identified Sif Muna's Catalogue of Air (Sif Muna gifted it to you on level 2 of the Depths)
108654 | Depths:3 | Noticed a caustic shrike
108654 | Depths:3 | Noticed a caustic shrike
108654 | Depths:3 | Noticed a caustic shrike
108884 | Depths:2 | Killed a caustic shrike
109027 | Depths:2 | Killed a caustic shrike
109173 | Depths:2 | Killed a caustic shrike
110418 | Depths:2 | Noticed Norris
110428 | Depths:2 | Killed Norris
111013 | Depths:2 | Reached XP level 23. HP: 61/136 MP: 46/48
111464 | Depths:3 | Received a gift from Sif Muna
111465 | Depths:3 | Identified Qiuzied's Compendium of Battle Magic (Sif Muna gifted it to you on level 3 of the Depths)
111496 | Depths:3 | Learned a level 8 spell: Lehudib's Crystal Spear
113991 | Depths:5 | Entered Level 5 of the Depths
114879 | Depths:3 | Found a runed door.
115133 | Depths:3 | Received a gift from Sif Muna
115163 | Depths:3 | Identified Sif Muna's Incunabulum of Damaging Flight (Sif Muna gifted it to you on level 3 of the Depths)
115883 | Depths:3 | Found a one-way gate to the infinite horrors of the Abyss.
116037 | Depths:3 | Found a radiant altar of Vehumet.
116037 | Depths:3 | Noticed Frederick
116042 | Depths:3 | Killed Frederick
116248 | Depths:3 | Found a runed door.
116497 | Depths:3 | Got a crude great mace
116498 | Depths:3 | Identified the +10 great mace "Smoussax" {flame, rF+} (You found it on level 3 of the Depths)
116503 | Depths:3 | Got a crystal war axe
116504 | Depths:3 | Identified the +9 war axe of Discomfort {chop, rN+ Int-4 SInv} (You found it on level 3 of the Depths)
117667 | Depths:4 | Reached skill level 25 in Spellcasting
118060 | Depths:4 | Received a gift from Sif Muna
118061 | Depths:4 | Identified Sif Muna's Almanac of Orientation (Sif Muna gifted it to you on level 4 of the Depths)
118100 | Depths:4 | Identified the Handbook of the Traveller
118962 | Depths:5 | Reached XP level 24. HP: 116/144 MP: 43/49
121295 | Depths:5 | Found Orueqam's Food Shop.
121325 | Depths:5 | Received a gift from Sif Muna
122205 | Depths:5 | Found a gate to the Realm of Zot.
122667 | Depths:5 | Identified Rowo's Reference Book on Orientation (Sif Muna gifted it to you on level 5 of the Depths)
123678 | Elf:3    | Found Tohuf's Book Shoppe.
123689 | Elf:3    | Bought an Akashic Record for 1766 gold pieces
124189 | Elf:3    | Noticed a deep elf master archer
124191 | Elf:3    | Killed a deep elf master archer
124249 | Elf:3    | Noticed a deep elf blademaster
124253 | Elf:3    | Killed a deep elf blademaster
124486 | Elf:3    | Got a twitching granite ring
124560 | Elf:3    | Noticed a deep elf blademaster
124563 | Elf:3    | Killed a deep elf blademaster
124575 | Elf:3    | Noticed a deep elf master archer
124580 | Elf:3    | Noticed a deep elf master archer
124879 | Elf:3    | Killed a deep elf master archer
124920 | Elf:3    | Noticed a deep elf blademaster
124921 | Elf:3    | Killed a deep elf blademaster
124921 | Elf:3    | Received a gift from Sif Muna
124922 | Elf:3    | Identified Sif Muna's Catalogue of Igneous Combat Magic (Sif Muna gifted it to you on level 3 of the Elven Halls)
124945 | Elf:3    | Identified the ring "Ekhla" {+Fly Stlth+} (You took it off a deep elf annihilator on level 3 of the Elven Halls)
124996 | Elf:3    | Killed a deep elf master archer
125259 | Elf:3    | Noticed a deep elf blademaster
125263 | Elf:3    | Killed a deep elf blademaster
125347 | Elf:3    | Learned a level 9 spell: Fire Storm
125627 | Lair:2   | Learned a level 9 spell: Shatter
126139 | Elf:3    | Got a heavily runed wooden ring
126229 | Elf:3    | Got an ichor-stained war axe
126230 | Elf:3    | Identified the +11 war axe "Sotwudiz" {vamp, rC++ Dex+4} (You took it off a deep elf death mage on level 3 of the Elven Halls)
126233 | Elf:3    | Identified the ring of Eroem {rC+ MR+ Int-5 Slay-6 SInv Stlth-} (You took it off a deep elf death mage on level 3 of the Elven Halls)
126241 | Elf:3    | Got a bound ivory ring
126265 | Elf:3    | Identified the ring "Balettep" {rF++ Int+2 Dex+4 Stlth-} (You took it off a deep elf death mage on level 3 of the Elven Halls)
126322 | Elf:3    | Identified the Handbook of Clay
126684 | Lair:2   | Learned a level 6 spell: Freezing Cloud
127024 | Vaults:5 | Entered Level 5 of the Vaults
127026 | Vaults:5 | Reached XP level 25. HP: 150/150 MP: 50/50
127026 | Vaults:5 | Reached skill level 26 in Spellcasting
127026 | Vaults:5 | Received a gift from Sif Muna
127240 | Vaults:5 | Received a gift from Sif Muna
127242 | Vaults:5 | Identified Blaanu's Grimoire of Supportive Transmutation (Sif Muna gifted it to you on level 5 of the Vaults)
127242 | Vaults:5 | Identified Sif Muna's Disquisition on Displaced Calling (Sif Muna gifted it to you on level 5 of the Vaults)
127309 | Vaults:5 | Reached skill level 10 in Translocations
128101 | Vaults:5 | Got a coiled brass ring
128105 | Vaults:5 | Got a brightly glowing jade amulet
128110 | Vaults:5 | Identified the ring of Dioto {+Inv rN+ Str+3 SInv} (You took it off a yaktaur captain on level 5 of the Vaults)
128114 | Vaults:5 | Identified the amulet of Abstinence {Stasis rF+} (You took it off a deep elf demonologist on level 5 of the Vaults)
128151 | Vaults:5 | Got a warped morningstar
128152 | Vaults:5 | Identified the cursed +3 morningstar of Purpose {crush, rF- Int+5} (You took it off a deep elf high priest on level 5 of the Vaults)
128226 | Vaults:5 | Got a brightly glowing trident
128227 | Vaults:5 | Identified the +5 trident "Shoecreh" {holy, rN+} (You found it on level 5 of the Vaults)
128251 | Vaults:5 | Got a silver rune of Zot
128258 | Vaults:5 | Got a brightly glowing bronze amulet
128260 | Vaults:5 | Identified the amulet "Qoczoc" {Regen+ Stlth+} (You found it on level 5 of the Vaults)
128307 | Vaults:5 | Got a smoking war axe
128308 | Vaults:5 | Identified the +9 war axe of the Fool {chop, rPois rN+ MP-9 Dex+4 SInv} (You found it on level 5 of the Vaults)
128396 | Vaults:5 | Received a gift from Sif Muna
128397 | Vaults:5 | Identified Sif Muna's Handbook of the Entourage and Transformation (Sif Muna gifted it to you on level 5 of the Vaults)
129316 | Lair:2   | Learned a level 7 spell: Controlled Blink
129543 | Zot:1    | Entered Level 1 of the Realm of Zot
129546 | Zot:1    | Reached skill level 1 in Ice Magic
130646 | Zot:1    | Reached XP level 26. HP: 134/156 MP: 45/50
131530 | Zot:1    | Reached skill level 27 in Spellcasting
131710 | Zot:1    | Reached skill level 5 in Ice Magic
131828 | Zot:1    | Received a gift from Sif Muna
131829 | Zot:1    | Identified Sif Muna's Guide on Transmutation and the Glacier (Sif Muna gifted it to you on level 1 of the Realm of Zot)
132553 | Zot:1    | Got a transparent iron ring
132555 | Zot:1    | Identified the ring of Liul {rElec rF- MR+ Str+4 Dex+4} (You found it on level 1 of the Realm of Zot)
134237 | Zot:2    | Received a gift from Sif Muna
134238 | Zot:2    | Identified Sif Muna's Collected Works on Glacial Calling (Sif Muna gifted it to you on level 2 of the Realm of Zot)
136169 | Zot:4    | Received a gift from Sif Muna
136616 | Zot:5    | Entered Level 5 of the Realm of Zot
136695 | Zot:4    | Reached skill level 10 in Ice Magic
137058 | Zot:4    | Reached XP level 27. HP: 118/164 MP: 50/50
137434 | Zot:5    | Received a gift from Sif Muna
137435 | Zot:5    | Identified Pliuk's Papyrus of Companions (Sif Muna gifted it to you on level 5 of the Realm of Zot)
137912 | Zot:3    | Found a glowing silver altar of Zin.
137916 | Zot:3    | Found a snail-covered altar of Cheibriados.
138070 | Zot:3    | Found a burning altar of Makhleb.
139418 | Lair:2   | Learned a level 9 spell: Glaciate
139539 | Slime:1  | Entered Level 1 of the Pits of Slime
139543 | Slime:1  | Received a gift from Sif Muna
139544 | Slime:1  | Identified Straeg's Volume of the Entourage (Sif Muna gifted it to you on level 1 of the Pits of Slime)
139545 | Slime:1  | Gained mutation: Your magical capacity is low (-10% MP). [a shining eye]
139552 | Slime:1  | Gained mutation: You expend magic power (3 MP) to slightly strengthen your wands. [a shining eye]
139696 | Lair:7   | Lost mutation: Your magical capacity is low (-10% MP). [potion of cure mutation]
139696 | Lair:7   | Lost mutation: Your mind is very acute. (Int +4) [potion of cure mutation]
139696 | Lair:7   | Lost mutation: Your mind is acute. (Int +2) [potion of cure mutation]
139696 | Lair:7   | Lost mutation: You are partially covered in slimy green scales (AC +2). [potion of cure mutation]
139697 | Lair:7   | Lost mutation: You expend magic power (3 MP) to slightly strengthen your wands. [potion of cure mutation]
140622 | Slime:6  | Entered Level 6 of the Pits of Slime
140757 | Slime:6  | Noticed the royal jelly
140760 | Slime:6  | Killed the royal jelly
140760 | Slime:6  | Received a gift from Sif Muna
141041 | Slime:6  | Reached skill level 15 in Fighting
141849 | Slime:6  | Got a steaming glaive
141850 | Slime:6  | Identified the +8 glaive of Karma {holy, rElec Dex+2 SInv} (You found it on level 6 of the Pits of Slime)
141880 | Slime:6  | Got a serpentine turquoise ring
141882 | Slime:6  | Identified the ring of Thairis {rElec rF- rN+ MP+9 Int+3} (You found it on level 6 of the Pits of Slime)
141888 | Slime:6  | Got a slimy rune of Zot
141917 | Slime:6  | Identified Wiuhach's Handbook of the Birds
142631 | Zot:5    | Noticed an ancient lich
142633 | Zot:5    | Killed an ancient lich
142641 | Zot:5    | Noticed an ancient lich
142641 | Zot:5    | Noticed an orb of fire
142731 | Zot:5    | Killed an orb of fire
142733 | Zot:5    | Killed an ancient lich
142868 | Zot:5    | Noticed faibistes' ghost (legendary DEWz)
142870 | Zot:5    | Killed faibistes' ghost
142870 | Zot:5    | Received a gift from Sif Muna
143544 | Zot:5    | Noticed an ancient lich
143547 | Zot:5    | Killed an ancient lich
143746 | Zot:5    | Noticed an ancient lich
143749 | Zot:5    | Killed an ancient lich
144154 | Zot:5    | Reached skill level 15 in Ice Magic
144596 | Lair:2   | Learned a level 4 spell: Animate Dead
145033 | Zot:5    | Reached skill level 1 in Necromancy
145078 | Zot:5    | Received a gift from Sif Muna
145081 | Zot:5    | Identified Sif Muna's Guide on Darkness (Sif Muna gifted it to you on level 5 of the Realm of Zot)
145148 | Zot:5    | Noticed an ancient lich
145335 | Zot:5    | Killed an ancient lich
145753 | Zot:5    | Reached skill level 5 in Necromancy
145760 | Zot:5    | Noticed an orb of fire
145766 | Zot:5    | Received a gift from Sif Muna
145767 | Zot:5    | Killed an orb of fire
145770 | Zot:5    | Identified Sif Muna's Handbook of Black Arts (Sif Muna gifted it to you on level 5 of the Realm of Zot)
145957 | Zot:4    | Learned a level 8 spell: Necromutation
146193 | Zot:5    | Noticed an ancient lich
146196 | Zot:5    | Killed an ancient lich
146439 | Hell     | Entered the Vestibule of Hell
146439 | Hell     | Noticed Geryon
146442 | Hell     | Noticed Murray
146443 | Hell     | Killed Geryon
146444 | Hell     | Killed Murray
146672 | Hell     | Received a gift from Sif Muna
147005 | Hell     | Identified Acelusm's Compendium of the Oath (Sif Muna gifted it to you in the Vestibule of Hell)
147301 | Hell     | Found a gateway to the freezing wastes of Cocytus.
147361 | Hell     | Found a gateway to the Iron City of Dis.
147457 | Hell     | Found a gateway to the ashen valley of Gehenna.
147559 | Hell     | Found a gateway to the decaying netherworld of Tartarus.
148194 | Crypt:1  | Entered Level 1 of the Crypt
148568 | Crypt:1  | Noticed Boris
148569 | Crypt:1  | Killed Boris
148590 | Crypt:1  | Received a gift from Sif Muna
148593 | Crypt:1  | Identified Sif Muna's Guide on Execration (Sif Muna gifted it to you on level 1 of the Crypt)
148687 | Crypt:1  | Noticed Wiglaf
149179 | Crypt:1  | Found an ancient bone altar of Kikubaaqudgha.
149293 | Crypt:1  | Noticed Xtahua
149297 | Crypt:1  | Killed Xtahua
149297 | Crypt:1  | Reached skill level 10 in Necromancy
149525 | Crypt:1  | Killed Wiglaf
149892 | Crypt:3  | Entered Level 3 of the Crypt
151673 | Crypt:3  | Found a staircase to the Tomb.
151746 | Crypt:3  | Received a gift from Sif Muna
151988 | Crypt:3  | Noticed an ancient lich
151991 | Crypt:3  | Killed an ancient lich
152080 | Crypt:3  | Got a glittering granite ring
152082 | Crypt:3  | Identified the ring "Kimid" {rN+ Int-5 Dex+5} (You found it on level 3 of the Crypt)
152087 | Crypt:3  | Got a warped platinum ring
152089 | Crypt:3  | Identified the ring "Pnegoco" {rN+ Str+3 Int+2} (You found it on level 3 of the Crypt)
152109 | Crypt:3  | Got a faintly glowing silver ring
152118 | Crypt:3  | Identified the ring "Fuk Ohui" {rPois rC+ rN+ MR+} (You took it off a skeletal warrior on level 3 of the Crypt)
152446 | Tomb:1   | Entered Level 1 of the Tomb of the Ancients
153067 | Tomb:1   | Received a gift from Sif Muna
153074 | Tomb:1   | Reached skill level 15 in Necromancy
153075 | Tomb:1   | Noticed an ancient lich
153090 | Tomb:1   | Killed an ancient lich
153274 | Tomb:1   | Identified Khufu's Volume of Black Rites (Sif Muna gifted it to you on level 1 of the Tomb of the Ancients)
153719 | Tomb:2   | Noticed an ancient lich
153719 | Tomb:2   | Noticed an ancient lich
153722 | Tomb:2   | Killed an ancient lich
153905 | Tomb:2   | Killed an ancient lich
154166 | Tomb:2   | Received a gift from Sif Muna
154168 | Tomb:2   | Identified Sif Muna's Tome of Creative Unholy Rituals (Sif Muna gifted it to you on level 2 of the Tomb of the Ancients)
154905 | Tomb:1   | Received a gift from Sif Muna
155203 | Tomb:1   | Identified Sif Muna's Guide on Lethal Hexes (Sif Muna gifted it to you on level 1 of the Tomb of the Ancients)
155437 | Tomb:1   | Received a gift from Sif Muna
155438 | Tomb:1   | Identified Sif Muna's Collected Works on the Escort (Sif Muna gifted it to you on level 1 of the Tomb of the Ancients)
155641 | Tomb:1   | Noticed Khufu
155646 | Tomb:1   | Killed Khufu
155910 | Tomb:1   | Received a gift from Sif Muna
155915 | Tomb:1   | Identified Sif Muna's Handbook of Bewitchment (Sif Muna gifted it to you on level 1 of the Tomb of the Ancients)
156442 | Tomb:2   | Noticed Jory
156599 | Tomb:2   | Killed Jory
156853 | Tomb:3   | Entered Level 3 of the Tomb of the Ancients
157035 | Tomb:3   | Received a gift from Sif Muna
157343 | Tomb:3   | Killed an ancient lich
157343 | Tomb:3   | Received a gift from Sif Muna
157359 | Tomb:3   | Noticed an ancient lich
157360 | Tomb:3   | Killed an ancient lich
157371 | Tomb:3   | Identified Estodd's Compendium of Bewitchment (Sif Muna gifted it to you on level 3 of the Tomb of the Ancients)
157373 | Tomb:3   | Identified Sif Muna's Reference Book on Enchantment (Sif Muna gifted it to you on level 3 of the Tomb of the Ancients)
157925 | Tomb:3   | Got a golden rune of Zot
158091 | Tomb:3   | Got a twisted morningstar
158095 | Tomb:3   | Identified the +7 morningstar of Phiatt {drain, *Rage rF+ Int+3} (You found it on level 3 of the Tomb of the Ancients)
158166 | Tomb:3   | Identified the Disquisition on Battle Magic
158173 | Tomb:3   | Got a brightly glowing short sword
158174 | Tomb:3   | Identified the +5 short sword "Fazu" {pierce, -Cast +Rage Str+6} (You found it on level 3 of the Tomb of the Ancients)
158185 | Tomb:3   | Got a heavily runed ivory ring
158187 | Tomb:3   | Identified the ring "Xeineav" {Fire +Inv Int+5} (You found it on level 3 of the Tomb of the Ancients)
158226 | Tomb:3   | Gained mutation: Your flesh is heat resistant. [potion of beneficial mutation]
158997 | Depths:3 | Voluntarily entered the Abyss.
159509 | Abyss:1  | Found a corrupted altar of Lugonu.
159741 | Abyss:1  | Found a corrupted altar of Lugonu.
159826 | Abyss:1  | Received a gift from Sif Muna
159831 | Abyss:1  | Identified Sif Muna's Disquisition on Necromancy (Sif Muna gifted it to you on level 1 of the Abyss)
159907 | Abyss:1  | Found an ancient bone altar of Kikubaaqudgha.
160704 | Abyss:2  | Found a corrupted altar of Lugonu.
160785 | Abyss:3  | Got a coiled brass ring
160789 | Abyss:3  | Got an abyssal rune of Zot
160791 | Abyss:3  | Identified the ring of the Final Decision {MR+ Int+2} (You found it on level 3 of the Abyss)
160954 | Depths:3 | Escaped the Abyss
161071 | Pan      | Entered Pandemonium
161164 | Pan      | Noticed Meyxza Twuent the pandemonium lord
161166 | Pan      | Killed Meyxza Twuent the pandemonium lord
161166 | Pan      | Received a gift from Sif Muna
161169 | Pan      | Identified Sif Muna's Collected Works on Virous Arcane Weapons (Sif Muna gifted it to you in Pandemonium)
161380 | Pan      | Found an exit through the horrors of the Abyss.
161491 | Pan      | Noticed Caqece the pandemonium lord
161492 | Pan      | Killed Caqece the pandemonium lord
161662 | Pan      | Got a demonic rune of Zot
162109 | Pan      | Received a gift from Sif Muna
162110 | Pan      | Identified Sif Muna's Tome of the Glacier and Confrontation (Sif Muna gifted it to you in Pandemonium)
162207 | Pan      | Entered the realm of Mnoleg.
162426 | Pan      | Noticed Mnoleg
162430 | Pan      | Killed Mnoleg
162524 | Pan      | Got a glowing rune of Zot
162691 | Pan      | Received a gift from Sif Muna
162779 | Pan      | Identified Sif Muna's Incunabulum of the Compass (Sif Muna gifted it to you in Pandemonium)
162791 | Pan      | Noticed Fudghiot the pandemonium lord
162799 | Pan      | Killed Fudghiot the pandemonium lord
162814 | Pan      | Found an exit through the horrors of the Abyss.
163051 | Pan      | Noticed Breprug the pandemonium lord
163054 | Pan      | Killed Breprug the pandemonium lord
163275 | Pan      | Got a glittering silver ring
163277 | Pan      | Identified the ring of the Open Hand {rC+ Dex+5} (You acquired it in Pandemonium)
163766 | Pan      | Received a gift from Sif Muna
163767 | Pan      | Identified Sif Muna's Collected Works on Good Luck (Sif Muna gifted it to you in Pandemonium)
164262 | Pan      | Noticed a seraph
164266 | Pan      | Killed a seraph
164343 | Pan      | Found a glowing golden altar of the Shining One.
164397 | Pan      | Identified Myut's Incunabulum of the Oath and Feathers
164416 | Pan      | Got a pitted scimitar
164417 | Pan      | Identified the +4 scimitar "Faygun" {flame, Dex+9} (You found it in Pandemonium)
164425 | Pan      | Got a crystal long sword
164426 | Pan      | Identified the +4 long sword of Muthropta {slice, MR+} (You found it in Pandemonium)
164574 | Pan      | Received a gift from Sif Muna
164579 | Pan      | Identified Sif Muna's Incunabulum of Dislocation (Sif Muna gifted it to you in Pandemonium)
164995 | Pan      | Entered the realm of Cerebov.
165385 | Pan      | Identified Lehudib's Incunabulum of Arcane Weapons
165556 | Pan      | Found an exit through the horrors of the Abyss.
165956 | Pan      | Got a shimmering silver ring
166359 | Pan      | Received a gift from Sif Muna
166377 | Pan      | Identified Sif Muna's Papyrus of Creative Transmigration (Sif Muna gifted it to you in Pandemonium)
166499 | Pan      | Got a fine marble ring
166507 | Pan      | Identified the ring of Daffodils {+Inv rC+ Int+5 Dex+4} (You took it off a red devil in Pandemonium)
166515 | Pan      | Identified the ring "Bosy Gisch" {MR+ Int+2} (You took it off a balrug in Pandemonium)
166561 | Pan      | Noticed Cerebov
166572 | Pan      | Killed Cerebov
166616 | Pan      | Got a faintly glowing short sword
166617 | Pan      | Identified the cursed +3 short sword of Dischord {speed, +Rage Stlth+} (You took it off a balrug in Pandemonium)
166625 | Pan      | Got a twitching ivory ring
166646 | Pan      | Got a fiery rune of Zot
166683 | Pan      | Got a translucent platinum amulet
166685 | Pan      | Identified the amulet of the Seven Eyes {rN+ Regen+ Slay-6 SInv} (You found it in Pandemonium)
166687 | Pan      | Identified the ring of the Okapi {rPois MR+ Dex+3} (You took it off a red devil in Pandemonium)
166731 | Pan      | Got a twisted spear
166732 | Pan      | Identified the +9 spear "Amecw" {elec, +Blink +Rage rPois Dex-5 Stlth+} (You found it in Pandemonium)
166789 | Pan      | Got a jewelled war axe
166790 | Pan      | Identified the +9 war axe of the Beast {venom, Str+2 Dex+2} (You found it in Pandemonium)
166882 | Pan      | Entered the realm of Gloorx Vloq.
167405 | Pan      | Found an exit through the horrors of the Abyss.
167593 | Pan      | Received a gift from Sif Muna
167594 | Pan      | Identified Cigotuvi's Volume of Assistive Unholy Secrets (Sif Muna gifted it to you in Pandemonium)
167764 | Pan      | Noticed Gloorx Vloq
167768 | Pan      | Killed Gloorx Vloq
167799 | Pan      | Got a dark rune of Zot
167862 | Pan      | Noticed Pehusum the pandemonium lord
167865 | Pan      | Killed Pehusum the pandemonium lord
168019 | Pan      | Entered the realm of Lom Lobon.
168554 | Pan      | Received a gift from Sif Muna
168555 | Pan      | Identified Sif Muna's Handbook of Harmful Ignition (Sif Muna gifted it to you in Pandemonium)
168692 | Pan      | Found an exit through the horrors of the Abyss.
169076 | Pan      | Noticed Lom Lobon
169084 | Pan      | Killed Lom Lobon
169145 | Pan      | Got a magical rune of Zot
169258 | Pan      | Noticed Kherphude the pandemonium lord
169278 | Pan      | Killed Kherphude the pandemonium lord
169570 | Depths:3 | Escaped Pandemonium
169668 | Coc:1    | Entered Level 1 of Cocytus
169803 | Coc:1    | Received a gift from Sif Muna
169808 | Coc:1    | Identified Sif Muna's Incunabulum of Augmentations and Confrontation (Sif Muna gifted it to you on level 1 of Cocytus)
171318 | Coc:5    | Noticed an ancient lich
171320 | Coc:5    | Received a gift from Sif Muna
171323 | Coc:5    | Killed an ancient lich
171328 | Coc:5    | Identified Sif Muna's Guide on Helpful Displacement (Sif Muna gifted it to you on level 5 of Cocytus)
171471 | Coc:7    | Entered Level 7 of Cocytus
171771 | Coc:7    | Received a gift from Sif Muna
171792 | Coc:7    | Identified Sif Muna's Catalogue of Fire and Battle Magic (Sif Muna gifted it to you on level 7 of Cocytus)
172059 | Coc:7    | Got a warped bronze ring
172061 | Coc:7    | Identified the cursed ring "Gadicato" {rPois Str+3 Dex-5 SInv Stlth-} (You found it on level 7 of Cocytus)
172348 | Coc:7    | Received a gift from Sif Muna
172350 | Coc:7    | Identified Sif Muna's Grimoire of Quantum Dark Arts (Sif Muna gifted it to you on level 7 of Cocytus)
172429 | Coc:7    | Noticed Antaeus
172435 | Coc:7    | HP: 3/177 [Antaeus (18)]
172435 | Coc:7    | Mangled by Antaeus

Action                   |  1- 3 |  4- 6 |  7- 9 | 10-12 | 13-15 | 16-18 | 19-21 | 22-24 | 25-27 || total
-------------------------+-------+-------+-------+-------+-------+-------+-------+-------+-------++-------
Melee: Unarmed           |     5 |       |       |       |       |       |       |       |       ||     5
       Dagger            |       |    14 |    68 |   259 |   275 |     1 |       |       |       ||   617
       Great sword       |       |       |       |       |       |     6 |    22 |     6 |       ||    34
       Staff             |       |       |       |       |       |       |       |       |     5 ||     5
 Cast: Magic Dart        |    78 |    65 |   416 |   794 |   316 |    10 |       |       |       ||  1679
       Call Imp          |    10 |     2 |       |     6 |       |       |       |       |       ||    18
       Conjure Flame     |       |     2 |    63 |   225 |    96 |       |       |       |       ||   386
       Mephitic Cloud    |       |     9 |    30 |    68 |    68 |       |       |       |       ||   175
       Repel Missiles    |       |     1 |     1 |       |       |       |       |       |       ||     2
       Blink             |       |     1 |    11 |    35 |    38 |    22 |    17 |    29 |       ||   153
       Lightning Bolt    |       |       |       |    19 |   188 |       |       |       |       ||   207
       Stone Arrow       |       |       |       |       |   115 |       |       |       |       ||   115
       Lee's Rapid Decon |       |       |       |       |    52 |    84 |   138 |   157 |       ||   431
       Petrify           |       |       |       |       |    21 |       |       |       |       ||    21
       Fireball          |       |       |       |       |   313 |   310 |   102 |   145 |       ||   870
       Force Lance       |       |       |       |       |    91 |   107 |    24 |    66 |    17 ||   305
       Swiftness         |       |       |       |       |     1 |     1 |       |       |       ||     2
       Bolt of Fire      |       |       |       |       |     5 |   468 |   656 |   369 |   536 ||  2034
       Ring of Flames    |       |       |       |       |       |    16 |     8 |     6 |    42 ||    72
       Summon Forest     |       |       |       |       |       |     1 |       |       |       ||     1
       Iron Shot         |       |       |       |       |       |    48 |    38 |    19 |       ||   105
       Deflect Missiles  |       |       |       |       |       |     1 |     3 |     6 |     3 ||    13
       Lehudib's Crystal |       |       |       |       |       |       |       |    29 |   394 ||   423
       Haste             |       |       |       |       |       |       |       |    13 |    13 ||    26
       Shatter           |       |       |       |       |       |       |       |     5 |   207 ||   212
       Fire Storm        |       |       |       |       |       |       |       |     3 |   668 ||   671
       Controlled Blink  |       |       |       |       |       |       |       |       |    25 ||    25
       Necromutation     |       |       |       |       |       |       |       |       |   195 ||   195
       Glaciate          |       |       |       |       |       |       |       |       |    98 ||    98
       Animate Dead      |       |       |       |       |       |       |       |       |     3 ||     3
Invok: Channel Energy    |       |       |     4 |    10 |    63 |    68 |   105 |   189 |  3044 ||  3483
       Forget Spell      |       |       |       |       |       |       |       |       |     3 ||     3
 Abil: Evoke Flight      |       |       |       |     1 |       |    12 |       |       |       ||    13
       End Transformatio |       |       |       |       |       |       |       |       |     2 ||     2
Evoke: Wand              |       |       |     4 |    16 |     3 |     4 |       |     1 |     9 ||    37
  Use: Scroll            |     1 |     2 |    13 |    21 |    15 |    19 |     6 |     8 |    23 ||   108
       Potion            |       |       |     5 |     3 |     6 |     7 |     3 |     1 |    10 ||    35
 Stab: Confused          |       |     1 |       |     8 |     9 |       |       |       |       ||    18
       Petrified         |       |       |       |       |     5 |       |       |       |       ||     5
  Eat: Chunk             |     3 |     5 |    22 |    44 |    82 |    66 |    97 |    87 |    68 ||   474
       Fruit             |       |       |     2 |     2 |     2 |    13 |       |       |     3 ||    22
       Beef jerky        |       |       |     1 |       |     1 |     4 |     1 |     1 |     3 ||    11
       Pizza             |       |       |       |       |       |     7 |       |     2 |     3 ||    12
       Bread ration      |       |       |       |       |       |     2 |       |     1 |    20 ||    23
       Royal jelly       |       |       |       |       |       |       |     1 |     2 |       ||     3
       Meat ration       |       |       |       |       |       |       |       |     1 |       ||     1
